 Dungeon Crawl Stone Soup version 0.28-a0-816-gb054d885db (webtiles) character file.

Game seed: 9389550686951295903

24637 vurker the Stormcaller (level 12, 24/61 HPs)
             Began as a Felid Air Elementalist on Nov 8, 2021.
             Was a High Priest of Vehumet.
             Quit the game in an ice cave.
             The game lasted 01:03:32 (43166 turns).

vurker the Stormcaller (Felid Air Elementalist)    Turns: 43166, Time: 01:03:32

Health: 24/61      AC:  3    Str:  4    XL:     12   Next: 82%
Magic:  8/32       EV: 23    Int: 21    God:    Vehumet [*****.]
Gold:   1981       SH:  0    Dex: 17    Spells: 26/42 levels left
                                        Lives:  0   Deaths: 3

rFire   x . .      SeeInvis +   (weapon unavailable)
rCold   + + .      Faith    .   (shield unavailable)
rNeg    . . .      Spirit   .   (armour unavailable)
rPois   +          Reflect  .   (helmet unavailable)
rElec   +          Harm     .   (cloak unavailable)
rCorr   .          Rampage  .   (gloves unavailable)
Will    +....                   (boots unavailable)
Stlth   ++........              i - amulet of regeneration
HPRegen 1.20/turn               B - ring of ice
MPRegen 0.23/turn               p - ring of Sloth {rElec rPois SInv}

@: quick
A: very small, claws 1, fangs 3, see invisible, speed 1, shaggy fur 3, stealthy
paws, no weapons or thrown items, no armour, multi-lived
a: Renounce Religion


You were in an ice cave.
You worshipped Vehumet.
Vehumet was extremely pleased with you.
You visited 4 branches of the dungeon, and saw 24 of its levels.
You also visited: Gauntlet and Ice Cave.

You collected 2070 gold pieces.
You spent 89 gold pieces at shops.

Inventory:

Jewellery
 g - a ring of wizardry
   (You found it on level 5 of the Dungeon)
 i - an amulet of regeneration (around neck)
   (You found it on level 3 of the Dungeon)
 o - a ring of positive energy
   (You found it on level 8 of the Dungeon)
 p - the ring of Sloth (right paw) {rElec rPois SInv}
   (You found it on level 5 of the Lair of Beasts)

   [ring of see invisible]

   rElec:     It insulates you from electricity.
   rPois:     It protects you from poison.
   SInv:      It lets you see invisible.
 B - a ring of ice (left paw)
   (You took it off Fannar on level 12 of the Dungeon)
Wands
 d - a wand of iceblast (14)
   (You found it on level 6 of the Dungeon)
 t - a wand of flame (33)
   (You took it off an orc wizard on level 7 of the Dungeon)
 u - a wand of paralysis (4)
   (You found it on level 5 of the Dungeon)
 v - a wand of polymorph (12)
   (You found it on level 11 of the Dungeon)
 x - a wand of acid (3)
   (You found it on level 6 of the Lair of Beasts)
Scrolls
 c - 3 scrolls of amnesia
 k - 4 scrolls of teleportation
 l - 3 scrolls of immolation
 w - 2 scrolls of magic mapping
 y - a scroll of silence
 A - a scroll of fog
 C - a scroll of identify
Potions
 a - 3 potions of brilliance
 b - 2 potions of attraction
 e - 8 potions of curing
 f - 3 potions of haste
 h - a potion of flight {unknown}
 j - 2 potions of heal wounds
 m - 2 potions of invisibility
 n - 3 potions of mutation
 q - 4 potions of lignification
 r - 2 potions of cancellation
 s - a potion of ambrosia {unknown}
 z - a potion of resistance


   Skills:
 + Level 12.0 Fighting
 - Level 10.0 Dodging
 - Level 2.6 Stealth
 * Level 15.6 Spellcasting
 + Level 3.8 Conjurations
 * Level 15.6 Air Magic


You had 26 spell levels left.
You knew the following spells:

 Your Spells              Type           Power      Damage    Failure   Level
a - Shock                 Conj/Air       100%       1d9       1%          1
b - Conjure Ball Lightni  Conj/Air       27%        3x3d8     3%          6
c - Airstrike             Air            35%        N/A       1%          4
d - Lightning Bolt        Conj/Air       27%        1d44      1%          5

Your spell library contained the following spells:

 Spells                   Type           Power      Damage    Failure   Level
 Iron Shot                Conj/Erth      12%        9d3       52%         6
 Sandblast                Erth           32%        2d9       1%          1
 Corpse Rot               Necr/Air       98%        N/A       1%          2
 Poisonous Vapours        Pois/Air       98%        N/A       1%          2
 Static Discharge         Conj/Air       55%        N/A       1%          2
 Dazzling Flash           Conj/Hex       48%        N/A       1%          3
 Swiftness                Air            70%        N/A       1%          3
 Iskenderun's Mystic Bla  Conj/Tloc      24%        2d7       4%          4
 Ensorcelled Hibernation  Hex/Ice        48%        N/A       5%          2
 Iskenderun's Battlesphe  Conj           32%        2d8       5%          5
 Spider Form              Tmut/Pois      16%        N/A       11%         3
 Fireball                 Conj/Fire      12%        3d7       13%         5
 Animate Dead             Necr           8%         N/A       36%         4
 Leda's Liquefaction      Hex/Erth       8%         N/A       36%         4
 Petrify                  Tmut/Erth      16%        N/A       36%         4
 Starburst                Conj/Fire      12%        6d5       52%         6
 Borgnjor's Vile Clutch   Necr/Erth      8%         N/A       71%         5
 Orb of Destruction       Conj           16%        9d7       80%         7
 Death Channel            Necr           8%         N/A       99%         6
 Borgnjor's Revivificati  Necr           8%         N/A       100%        8


Dungeon Overview and Level Annotations

Branches:
Dungeon (15/15)            Temple (1/1) D:6            Lair (6/6) D:10
 Shoals (0/4) Lair:2       Spider (0/4) Lair:3        Slime (0/5) Lair:6
    Orc (2/2) D:9             Elf (0/3) Orc:2        Vaults (0/5) D:13
 Depths (0/4) D:15          IceCv (1/1)             Gauntlet (visited)

Altars:
Ashenzari
Cheibriados
Dithmenos
Elyvilon
Fedhas
Gozag
Hepliaklqana
Kikubaaqudgha
Makhleb
Nemelex Xobeh
Okawaru
Qazlal
Ru
Sif Muna
Trog
Uskayaw
Vehumet
Wu Jian
Xom
Yredelemnul
Zin
The Shining One
Beogh
Jiyva

Shops:
D:7 (   D:9 **   D:11 ?   Orc:1 :   Orc:2 *[(

Annotations:
D:10 2 transporters
Lair:3 1 runed translucent door
Lair:6 exclusion: obsidian statue


Innate Abilities, Weirdness & Mutations

You have sharp claws.
You have razor-sharp teeth.
You have supernaturally acute eyesight. (SInv)
You cover ground quickly. (Speed+)
Your thick and shaggy fur keeps you warm. (AC +3, rC+)
Your paws help you pounce on unaware monsters.
You are incapable of wielding weapons or throwing items.
You cannot wear armour.
You gain extra lives every three experience levels.


Message History

Attack!
Your ball lightning explodes!
The blast of lightning engulfs the white draconian.
The blast of lightning engulfs your ball lightning.
Your ball lightning completely resists.
The blast of lightning engulfs you. You resist.
Your ball lightning explodes!
The blast of lightning engulfs the white draconian!
You hear a roar!
A golden dragon simulacrum comes into view.
Found a triangular pearl amulet.
Found 41 gold pieces.
You create some ball lightning! 3 ball lightnings come into view.
Your ball lightning explodes!
The blast of lightning engulfs your ball lightning.
Your ball lightning completely resists.
The blast of lightning engulfs the golden dragon simulacrum!
The white draconian hits you from afar with a +2 halberd of freezing!
Your ball lightning explodes!
The blast of lightning engulfs the white draconian!
The blast of lightning engulfs you. You resist.
The white draconian completely misses you.
The white draconian breathes frost at you.
The blast of cold hits you! You resist.
You create some ball lightning! 3 ball lightnings come into view.
The white draconian barely misses you.
Your ball lightning explodes!
The blast of lightning engulfs your ball lightning.
Your ball lightning completely resists.
The blast of lightning engulfs your ball lightning.
Your ball lightning completely resists.
The blast of lightning engulfs the golden dragon simulacrum!
The blast of lightning engulfs the white draconian!
The blast of lightning engulfs you. You resist.
Your ball lightning explodes!
The blast of lightning engulfs you. You resist.
* * * LOW HITPOINT WARNING * * *
The blast of lightning engulfs your ball lightning.
Your ball lightning completely resists.
The blast of lightning engulfs the white draconian!
Your ball lightning explodes!
The blast of lightning engulfs the white draconian!
The blast of lightning engulfs you. You resist.
* * * LOW HITPOINT WARNING * * *
The blast of lightning engulfs the golden dragon simulacrum!!
The white draconian misses you.
Unknown command.
Unknown command.

##### #≈≈.. $
*≈Z#."$
##########≈≈≈≈#
##...##@..Z≈≈≈#
##..#..##..#≈≈≈#
#.#d##..#d###≈##
#..####...# ##
#Z## ##.## #..#
### ##.# Z.#
Z.##


You could see a white draconian (catching breath) and a golden dragon
simulacrum.

Vanquished Creatures
  Saint Roka (Orc:2)
  Rupert (D:12)
  Nessos (Lair:6)
  2 dire elephants (Lair:6)
  8 vault guards (D:13)
  Fannar (D:12)
  A boulder beetle (D:13)
  2 centaur warriors (D:13)
  9 hydras
  A catoblepas (Lair:6)
  2 two-headed ogres (D:12)
  3 death yaks (Lair:6)
  A tengu warrior (D:14)
  A spectral dire elephant (Lair:6)
  A spectral anaconda (Lair:6)
  A skeletal warrior (D:14)
  Pikel (D:4)
  A deep elf pyromancer (D:12)
  4 necromancers (Lair:6)
  4 orc knights
  4 orc sorcerers
  2 oklob plants
  A manticore (D:15)
  2 cyclopes
  3 ugly things
  A merfolk siren (Lair:2)
  3 black mambas
  21 elephants
  A gargoyle (D:11)
  A centaur zombie (D:10)
  Maggie (D:7)
  A torpor snail (Lair:3)
  11 cane toads
  A dire elephant skeleton (Lair:6)
  4 unseen horrors
  2 efreet
  2 rime drakes (Lair:3)
  A kobold demonologist (D:11)
  15 komodo dragons
  A polar bear (Lair:5)
  2 golden dragon simulacra (IceCv)
  12 trolls
  A hornet (D:9)
  Grinder (D:4)
  20 blink frogs
  3 spectral elephants (Lair:6)
  4 dream sheep (Lair:3)
  A shadow (D:12)
  A tarantella (Lair:3)
  A wraith (D:13)
  3 wyverns
  A centaur simulacrum (D:12)
  2 vampires
  55 yaks
  3 fire bats (Lair:3)
  2 basilisks (Lair:3)
  2 steam dragons
  2 death yak simulacra (Lair:6)
  3 vampire mosquitoes (D:12)
  4 spectral cane toads (Lair:6)
  2 acid dragons
  4 wargs
  17 water moccasins
  Duvessa (D:7)
  31 orc warriors
  2 sky beasts
  A black bear (Lair:2)
  2 ice beasts (D:7)
  2 ice dragon simulacra (IceCv)
  6 ogres
  5 necrophages
  2 centaurs
  6 wolves
  2 lemures (D:4)
  3 phantoms
  2 kobold brigands
  Blork the orc (D:4)
  3 gnoll sergeants
  7 bullfrogs
  2 cane toad simulacra (Lair:6)
  Dowan (D:7)
  2 water moccasin zombies (D:5)
  5 killer bees
  An elephant simulacrum (Lair:6)
  2 water moccasin skeletons
  4 howler monkeys
  A jelly (D:5)
  A bullfrog zombie (D:6)
  A hound (D:5)
  27 orc priests
  Crazy Yiuf (D:5)
  A gnoll shaman (D:7)
  An iron imp (D:3)
  3 iguanas (D:5)
  A scorpion zombie (D:5)
  31 orc wizards
  2 killer bee zombies
  A hound zombie (D:5)
  A howler monkey zombie (D:7)
  21 gnolls
  12 adders
  2 shadow imps (D:6)
  7 worms
  4 dart slugs
  122 orcs
  5 endoplasms
  2 giant cockroaches
  7 goblins
  5 hobgoblins
  10 jackals
  5 quokkas
  6 ball pythons
  A bat (D:3)
  2 frilled lizards (D:3)
  8 kobolds
  5 rats
659 creatures vanquished.

Vanquished Creatures (collateral kills)
  9 ball lightnings
9 creatures vanquished.

Vanquished Creatures (others)
  415 ball lightnings
  60 fungi
  58 plants
  40 withered plants (Lair:6)
573 creatures vanquished.

Grand Total: 1241 creatures vanquished

Notes
Turn   | Place    | Note
-------+----------+-------------------------------------------
     0 | D:1      | vurker the Felid Air Elementalist began the quest for the
                  | Orb.
     0 | D:1      | Reached XP level 1. HP: 7/7 MP: 4/4
   171 | D:1      | Reached skill level 1 in Conjurations
   314 | D:1      | Reached XP level 2. HP: 5/12 MP: 0/6
   899 | D:2      | Reached XP level 3. HP: 15/15 MP: 3/7
   901 | D:2      | Reached skill level 1 in Fighting
  1173 | D:2      | Reached XP level 4. HP: 3/19 MP: 1/9
  2381 | D:3      | Reached XP level 5. HP: 22/22 MP: 2/10
  3365 | D:3      | Found a snail-covered altar of Cheibriados.
  3607 | D:3      | Gained mutation: You are covered in thick fur. (AC +2)
                  | [Felid growth]
  3607 | D:3      | Reached XP level 6. HP: 26/26 MP: 10/12
  4632 | D:4      | Reached XP level 7. HP: 30/30 MP: 8/14
  4728 | D:4      | Found a glowing golden altar of the Shining One.
  4964 | D:4      | Found a broken altar of Ashenzari.
  4973 | D:4      | Noticed Grinder
  5007 | D:4      | Noticed Pikel
  5067 | D:3      | Learned a level 4 spell: Airstrike
  5148 | D:4      | Killed Grinder
  5149 | D:4      | Reached skill level 5 in Spellcasting
  5149 | D:4      | Reached skill level 5 in Air Magic
  5285 | D:4      | Killed Pikel
  5286 | D:4      | Reached XP level 8. HP: 27/36 MP: 4/18
  5543 | D:4      | Noticed Blork the orc
  5636 | D:4      | Killed Blork the orc
  5770 | D:5      | Entered Level 5 of the Dungeon
  6621 | D:5      | Found a basalt altar of Yredelemnul.
  6782 | D:5      | Reached XP level 9. HP: 39/39 MP: 15/20
  7127 | D:5      | Reached skill level 5 in Fighting
  7412 | D:5      | Found a runed translucent door.
  7413 | D:5      | Noticed Crazy Yiuf
  7418 | D:5      | Killed Crazy Yiuf
  7537 | D:6      | Found a staircase to the Ecumenical Temple.
  7546 | Temple   | Entered the Ecumenical Temple
  7618 | Temple   | Became a worshipper of Vehumet
  7892 | D:6      | Identified the +3 ring mail "Ale Kud" {Rampage rN+ Int+2
                  | Stlth-}
  8815 | D:7      | Noticed Maggie
  9213 | D:7      | Noticed Duvessa
  9214 | D:7      | Identified the +10 dagger of Darkness {pain, rPois Int+3
                  | Dex-2 SInv}
  9215 | D:7      | Noticed Dowan
  9216 | D:7      | Killed Duvessa
  9216 | D:7      | Reached * piety under Vehumet
  9216 | D:7      | Offered knowledge of Sandblast by Vehumet.
  9646 | D:7      | Killed Maggie
  9814 | D:7      | Killed Dowan
  9915 | D:7      | Reached XP level 10. HP: 45/45 MP: 3/23
 10067 | D:7      | Found an ornate altar of the Wu Jian Council.
 10104 | D:7      | Found Zaesyenu's Weapon Emporium.
 10375 | D:7      | Found a hide-covered altar of Uskayaw.
 10375 | D:7      | Found a sacrificial altar of Ru.
 11577 | D:8      | Found a blossoming altar of Fedhas.
 12219 | D:9      | Reached skill level 5 in Dodging
 12300 | D:9      | Offered knowledge of Foxfire by Vehumet.
 12306 | D:9      | Reached ** piety under Vehumet
 12774 | D:9      | Found Doukikha's Assorted Antiques.
 12782 | D:9      | Bought a white potion for 21 gold pieces
 12782 | D:9      | Bought a scroll labelled REASUCS BANEDO for 24 gold pieces
 12830 | D:9      | Found Nyboech's Assorted Antiques.
 12834 | D:9      | Bought a green potion for 22 gold pieces
 12834 | D:9      | Bought a green potion for 22 gold pieces
 12839 | D:9      | Found a staircase to the Orcish Mines.
 13531 | D:10     | Entered Level 10 of the Dungeon
 14497 | D:10     | Noticed an oklob plant
 14758 | D:10     | Killed an oklob plant
 14860 | D:10     | Found a staircase to the Lair.
 14881 | D:10     | Reached XP level 11. HP: 50/50 MP: 7/25
 15110 | D:10     | Offered knowledge of Frozen Ramparts by Vehumet.
 15300 | D:10     | Found a transporter.
 15301 | D:10     | Found a transporter.
 15301 | D:10     | Noticed a boulder beetle
 15790 | D:11     | Reached skill level 10 in Air Magic
 16022 | D:11     | Reached skill level 10 in Spellcasting
 16339 | D:11     | Reached *** piety under Vehumet
 16531 | D:11     | Found Getimoda's Magic Scroll Shop.
 16534 | D:11     | Noticed a seven-headed hydra
 16536 | D:11     | Noticed a five-headed hydra
 16545 | D:11     | Killed a seven-headed hydra
 17024 | D:11     | Killed a five-headed hydra
 17346 | D:11     | Found Getimoda's Magic Scroll Shop.
 18068 | Lair:1   | Entered Level 1 of the Lair of Beasts
 18805 | Lair:1   | Noticed a seven-headed hydra
 18839 | Lair:1   | Killed a seven-headed hydra
 19215 | Lair:1   | Noticed an eight-headed hydra
 19220 | Lair:1   | Killed an eight-headed hydra
 19378 | Lair:2   | Gained mutation: Your thick and shaggy fur keeps you warm.
                  | (AC +3, rC+) [Felid growth]
 19378 | Lair:2   | Reached XP level 12. HP: 55/55 MP: 17/28
 19471 | Lair:2   | Offered knowledge of Hailstorm by Vehumet.
 19768 | Lair:2   | Noticed a four-headed hydra
 19772 | Lair:2   | Killed a four-headed hydra
 20554 | Lair:2   | Found a stormy altar of Qazlal.
 20667 | Lair:2   | Reached **** piety under Vehumet
 20685 | Lair:2   | Offered knowledge of Mephitic Cloud by Vehumet.
 21248 | Lair:2   | Found a staircase to the Shoals.
 21844 | Lair:3   | Found a gate leading to a gauntlet.
 21887 | Gauntlet | Entered a Gauntlet
 21887 | Gauntlet | Found a transporter.
 21887 | Gauntlet | Found a transporter.
 21960 | Gauntlet | Found a transporter.
 21960 | Gauntlet | Found a transporter.
 21970 | Gauntlet | Found a transporter.
 21980 | Gauntlet | Found a transporter.
 21983 | Gauntlet | Found a transporter.
 21988 | Gauntlet | Noticed a balrug
 22004 | Gauntlet | Found a transporter.
 22004 | Gauntlet | Found the +0 pair of fencer's gloves {Riposte Dex+3}
 22011 | Gauntlet | Found a transporter.
 22013 | Gauntlet | Noticed a hell beast
 22029 | Gauntlet | Found a transporter.
 22029 | Gauntlet | Noticed a death yak
 22029 | Gauntlet | Noticed a death yak
 22030 | Gauntlet | Noticed a death yak
 22030 | Gauntlet | Noticed a death yak
 22055 | Gauntlet | Found a transporter.
 22077 | Gauntlet | Found a transporter.
 22122 | Gauntlet | Found a transporter.
 22138 | Gauntlet | Found a transporter.
 22236 | Gauntlet | Found a transporter.
 22256 | Gauntlet | Found a transporter.
 22549 | Lair:3   | Found a runed translucent door.
 22588 | Lair:3   | Found a hole to the Spider Nest.
 23221 | Lair:3   | Reached skill level 10 in Dodging
 23562 | Lair:3   | Got the Volume of Darkness and Clay
 23786 | Lair:4   | Reached XP level 13. HP: 60/60 MP: 11/30
 24325 | Lair:4   | Learned a level 6 spell: Conjure Ball Lightning
 26091 | Lair:5   | Reached ***** piety under Vehumet
 26701 | Lair:5   | Reached skill level 10 in Fighting
 26944 | Lair:5   | Identified the ring of Sloth {rElec rPois SInv}
 26973 | Lair:5   | Offered knowledge of Freezing Cloud by Vehumet.
 27529 | Lair:6   | Entered Level 6 of the Lair of Beasts
 28237 | Lair:6   | Found a viscous altar of Jiyva.
 28238 | Lair:6   | Found a staircase to the Slime Pits.
 28532 | Lair:6   | Noticed Nessos
 28558 | Lair:6   | HP: 2/62 [Nessos/arrow (10)]
 28558 | Lair:6   | Shot with an arrow by Nessos
 28559 | Lair:6   | Reached XP level 12. HP: -1/58 MP: 4/30
 28574 | Lair:6   | Killed Nessos
 28751 | Lair:6   | Noticed a dire elephant
 29102 | Lair:6   | Noticed a dire elephant
 29129 | Lair:6   | Killed a dire elephant
 29130 | Lair:6   | Reached XP level 13. HP: 62/62 MP: 9/31
 30120 | Lair:6   | Identified the +0 leather armour of Ofiu {rN+ Will+ Dex+3}
 32818 | Lair:6   | Found a staircase to the Slime Pits.
 32820 | Lair:6   | Found a viscous altar of Jiyva.
 33572 | Lair:6   | Killed a dire elephant
 33992 | Orc:1    | Entered Level 1 of the Orcish Mines
 34894 | Orc:1    | Found Itul's Book Emporium.
 35012 | Orc:2    | Entered Level 2 of the Orcish Mines
 35343 | Orc:2    | Offered knowledge of Lightning Bolt by Vehumet.
 35477 | Orc:1    | Learned a level 5 spell: Lightning Bolt
 36523 | Orc:2    | Found a staircase to the Elven Halls.
 37022 | Orc:2    | Found Fiudoj's General Store.
 37464 | Orc:2    | Noticed Saint Roka
 37858 | Orc:2    | Found Meleuta's Antique Armour Shop.
 38158 | Orc:2    | Killed Saint Roka
 38159 | Orc:2    | Reached XP level 14. HP: 9/67 MP: 4/33
 38313 | Orc:2    | Found Tialir's Antique Armour Shop.
 38315 | Orc:2    | Found Ruodor's Antique Weapon Boutique.
 38425 | D:12     | Noticed Rupert
 38567 | D:12     | Reached skill level 15 in Air Magic
 38794 | D:12     | Reached skill level 15 in Spellcasting
 39577 | D:12     | Paralysed by Rupert for 3 turns
 40072 | D:12     | Noticed Fannar
 40079 | D:12     | Killed Fannar
 40079 | D:12     | Offered knowledge of Iron Shot by Vehumet.
 40734 | D:12     | Paralysed by Rupert for 2 turns
 40738 | D:12     | Killed Rupert
 42661 | D:13     | Found a gate to the Vaults.
 42763 | D:14     | Shot with an arrow by a centaur warrior
 42764 | D:14     | Reached XP level 13. HP: -11/64 MP: 20/33
 42800 | D:15     | Entered Level 15 of the Dungeon
 43018 | D:15     | Found a frozen archway.
 43086 | IceCv    | Entered an ice cave
 43105 | IceCv    | Noticed a white draconian
 43124 | IceCv    | Mangled by a white draconian
 43125 | IceCv    | Reached XP level 12. HP: -10/61 MP: 7/32
 43140 | IceCv    | Noticed a white draconian
 43166 | IceCv    | Quit the game

Illustrated notes

Levels and vault maps discovered:
D:1:      scummos_arrival_simple_crosswalls, layout_basic
D:2:      layout_rooms
D:3:      layout_basic, slow_altar_2
D:4:      layout_cave_pools, nicolae_tso_swordbearing_angel,
          mainiacjoe_overflow_concentric_impassable,
          cheibrodos_sewer_entry_drain, uniq_grinder, uniq_blork_the_orc,
          uniq_pikel
D:5:      minmay_diamond_boxcup, layout_basic, kennysheep_mini_moat,
          hangedman_abyss_or_decor_slice, uniq_crazy_yiuf_cottage
D:6:      layout_loops_ring, minmay_temple_entry_mist
D:7:      layout_rooms, pdpol_wu_jian_five_deadly_venoms,
          gammafunk_temple_overflow_elements, serial_shops, shop,
          kennysheep_generic_room_3, uniq_maggie, uniq_duvessa
D:8:      layout_loops_corners, lemuel_doored_altar, roderic_roman_lattice
D:9:      layout_loops_corners, minmay_orc_entry_temple_small, serial_shops,
          shop, shop, special_room [special_room_orc]
D:10:     gammafunk_boulding_lane, layout_basic, dpeg_oklobed_lair
D:11:     layout_cave_pods, serial_shops, nicolae_shop_trees, minivault_25_ag
D:12:     layout_cave_pods, minmay_diced_spiral, uniq_fannar, uniq_rupert
D:13:     layout_irregular_city, erik_vaults_2
D:14:     layout_basic, gammafunk_ghost_mausoleum, lightli_fourway_metalbox,
          uniq_jorgrun
D:15:     grunt_enter_depths_hoard, layout_layer_cave,
          portal_ice_cave_entry_frozen_things, serial_shops,
          nicolae_shop_competitors_out_of_business
Temple:   eino_narrow_crystal_temple
Lair:1:   layout_roguey
Lair:2:   layout_roguey, minmay_shoals_entry_lonely_mermaid, basic_altar,
          columned_hall_lemuel
Lair:3:   gammafunk_mikee_crab_dinner, layout_gridlike,
          spider_nest_entry_rubble, gauntlet_entry_generic
Lair:4:   layout_hall_layers, enter_volcano_2
Lair:5:   layout_long_grid
Lair:6:   due_jungle_book, layout_long_grid, slime_altar_1, uniq_nessos
Orc:1:    layout_caves, serial_shops, shop
Orc:2:    grunt_orc_community_town_hall, layout_diamond_mine,
          grunt_orc_community_big_house_2, grunt_orc_community_big_house_2,
          grunt_orc_community_house_2, grunt_orc_community_house_2,
          grunt_orc_community_house_3, grunt_orc_community_house_1,
          grunt_orc_community_house_3
IceCv:    ice_cave_small_dragons

Skill      XL: |  1  2  3  4  5  6  7  8  9 10 11 12 13 14 |
---------------+-------------------------------------------+-----
Conjurations   | 1 2 3 |  3.8
Air Magic      | 3 4 6 7 8 9 11 12 14 15 | 15.6
Fighting       | 1 2 4 6 7 8 9 12 | 12.0
Spellcasting   | 3 4 6 8 9 11 12 14 15 | 15.6
Dodging        | 4 6 8 10 | 10.0
Stealth        | |  2.6

Action                   |  1- 3 |  4- 6 |  7- 9 | 10-12 | 13-15 || total
-------------------------+-------+-------+-------+-------+-------++-------
Melee: Unarmed           |     5 |    18 |     5 |    15 |    26 ||    69
       Bite              |       |     2 |       |       |     5 ||     7
 Cast: Shock             |    41 |   221 |   200 |   200 |    27 ||   689
       Airstrike         |       |       |    70 |   372 |   502 ||   944
       Conjure Ball Ligh |       |       |       |     7 |   148 ||   155
       Lightning Bolt    |       |       |       |       |    27 ||    27
Evoke: Wand              |       |       |     4 |     7 |    21 ||    32
  Use: Scroll            |       |       |     8 |    11 |    14 ||    33
       Potion            |       |       |     2 |     1 |     2 ||     5
 Stab: Paralysed         |       |       |       |     3 |    13 ||    16
Armor: Skin              |       |     1 |     7 |    10 |    13 ||    31
Dodge: Dodged            |     6 |    59 |    67 |   143 |   203 ||   478

Table legend: (Time is in decaauts)
 A = Elapsed time spent in this place.
 B = Non-inter-level travel time spent in this place.
 C = Inter-level travel time spent in this place.
 D = Time resting spent in this place.
 E = Time spent auto-exploring this place.
 F = Levels seen in this place.
 G = Mean time per level.
                   A        B        C        D        E       F      G
               +--------+--------+--------+--------+--------+-----+--------+
         Total |  39275 |  37746 |   1529 |   4693 |  27393 |  26 | 1510.6 |
       Dungeon |  20773 |  19945 |    828 |   2007 |  15265 |  15 | 1384.9 |
        Temple |    110 |    103 |      7 |      0 |     92 |   1 |  110.0 |
          Lair |  14087 |  13506 |    581 |   1722 |   9568 |   6 | 2347.8 |
  Orcish Mines |   3863 |   3751 |    112 |    956 |   2149 |   2 | 1931.5 |
      Ice Cave |     69 |     69 |      0 |      8 |      9 |   1 |   69.0 |
      Gauntlet |    370 |    370 |      0 |      0 |    309 |   1 |  370.0 |
               +--------+--------+--------+--------+--------+-----+--------+

Top non-repeatable levels by time:
  Lair:6: 4939 daAuts
    D:12: 2515 daAuts
    D:11: 2380 daAuts
  Lair:5: 2365 daAuts
  Lair:3: 2143 daAuts
   Orc:2: 2127 daAuts
  Lair:2: 1956 daAuts
     D:9: 1910 daAuts
     D:3: 1828 daAuts
   Orc:1: 1735 daAuts
    D:10: 1734 daAuts
  Lair:1: 1542 daAuts
     D:6: 1542 daAuts
     D:5: 1514 daAuts
     D:4: 1427 daAuts
